 Dungeon Crawl Stone Soup version 0.29-a0-857-g9b1aa3ac5b (webtiles) character file.

Game seed: 9656162563039410845

60 xian the Charlatan (level 4, -2/33 HPs)
             Began as a Barachi Artificer on July 16, 2022.
             Slain by a gnoll
             ... wielding a +0 flail
              (4 damage)
             ... on level 2 of the Dungeon.
             The game lasted 00:04:55 (1969 turns).

xian the Charlatan (Barachi Artificer)              Turns: 1969, Time: 00:04:57

Health: -2/33      AC:  3    Str: 15    XL:     4   Next: 6%
Magic:  4/4        EV: 12    Int: 12    God:
Gold:   68         SH:  0    Dex: 12    Spells: 3/3 levels left

rFire   . . .      SeeInvis .   n - +0 short sword (freeze)
rCold   + . .      Faith    .   (no shield)
rNeg    . . .      Spirit   .   b - +0 leather armour
rPois   .          Reflect  .   (no helmet)
rElec   .          Harm     .   (no cloak)
rCorr   .          Rampage  .   (no gloves)
Will    .....                   (no boots)
Stlth   +.........              (no amulet)
HPRegen 0.11/turn               h - ring of wizardry
MPRegen 0.09/turn               i - ring of protection from cold

@: slow
A: amphibious, slowness 1, strong legs 1, +LOS
a: Hop


You were on level 2 of the Dungeon.
You visited 1 branch of the dungeon, and saw 2 of its levels.

You collected 68 gold pieces.

Inventory:

Hand Weapons
 n - a +0 short sword of freezing (weapon)
Missiles
 f - 2 datura-tipped darts
 k - 2 poisoned darts
Armour
 b - a +0 leather armour (worn)
Jewellery
 h - a ring of wizardry (left hand)
 i - a ring of protection from cold (right hand)
 o - a ring of see invisible
Wands
 c - a wand of flame (12)
 d - a wand of charming (15)
 e - a wand of iceblast (8)
Scrolls
 g - a scroll of teleportation {unknown}
 l - a scroll of poison {unknown}
 m - a scroll of noise {unknown}
Potions
 a - a potion of invisibility {unknown}
 j - a potion of heal wounds {unknown}
 p - a potion of haste {unknown}
 q - a potion of curing {unknown}
 r - a potion of attraction {unknown}


   Skills:
 + Level 1.8 Fighting
 + Level 1.2 Short Blades
 + Level 0.5 Maces & Flails
 + Level 3.0 Armour
 + Level 2.1 Dodging
 + Level 1.0 Stealth
 + Level 3.9 Evocations


You had 3 spell levels left.
You didn't know any spells.
Your spell library contained the following spells:

 Spells                   Type           Power      Damage    Failure   Level
 Sting                    Tmut/Pois      0%         1d3       16%         1
 Poisonous Vapours        Pois/Air       0%         N/A       24%         2
 Call Canine Familiar     Summ           0%         N/A       43%         3
 Portal Projectile        Hex/Tloc       0%         N/A       43%         3
 Leda's Liquefaction      Hex/Erth       0%         N/A       82%         4
 Olgreb's Toxic Radiance  Pois           0%         N/A       82%         4
 Summon Forest            Summ/Tloc      0%         N/A       98%         5
 Summon Mana Viper        Hex/Summ       0%         N/A       98%         5
 Summon Cactus Giant      Summ           0%         N/A       100%        6


Dungeon Overview and Level Annotations

Branches:
Dungeon (2/15)

Altars:

Shops:
D:1 [


Innate Abilities, Weirdness & Mutations

You are amphibious.
You cover ground slowly.
You can hop short distances.
You have an extended range of vision and can be seen from far away.


Message History

The gnoll closely misses you.
A gnoll comes into view. It is wielding a +0 spear.
You closely miss the gnoll. The gnoll closely misses you.
You hit the gnoll. You freeze the gnoll.
The gnoll is lightly wounded.
The gnoll misses you.
You closely miss the gnoll.
The gnoll is lightly wounded.
The gnoll hits you with a +0 flail!
You closely miss the gnoll.
The gnoll is lightly wounded.
A gnoll comes into view. It is wielding a +0 spear.
The gnoll hits you with a +0 flail!
* * * LOW HITPOINT WARNING * * *
You barely miss the gnoll.
The gnoll is lightly wounded.
The gnoll shouts!
A gnoll comes into view. It is wielding a +0 spear.
The gnoll barely misses you.
A ball python comes into view.
The gnoll shouts!
The ball python hisses angrily.
You hit the gnoll. You freeze the gnoll.
The gnoll is moderately wounded.
You hear a shout!
The gnoll hits you with a +0 flail.
* * * LOW HITPOINT WARNING * * *
The gnoll closely misses you.
Aiming: Throw Flame
Press: ? - help, Shift-Dir - straight line, f - gnoll
Aim: a gnoll, wielding a +0 flail (moderately wounded, 75% to hit)
The puff of flame misses the gnoll.
The gnoll closely misses you.
The gnoll hits you from afar with a +0 spear.
* * * LOW HITPOINT WARNING * * *
Aiming: Throw Flame
Press: ? - help, Shift-Dir - straight line, f/p - gnoll
Aim: a gnoll, wielding a +0 flail (moderately wounded, 75% to hit)
The puff of flame hits the gnoll.
The gnoll is severely wounded.
The gnoll hits you with a +0 flail.
You die...

##......<..........# #..######
###...............# ##......#
#...............###...###.### #
#...............##....#.....#
#####.................##.#.....#
.#..........[.....######.).....#
...#########.#.†.....#####<....#
.### #.....)?...## .....# .#
#.<..@.$....# .....# ..
#....g......# .....# #.#
#......g....# ###### .#
#.....g....## .. #.....#......
.. ....#.###...... $.. ###.##.
..gS.. #. #$ ..>... # #. .....


You could see 4 gnolls and a ball python.

Vanquished Creatures
  Natasha (D:2)
  An adder (D:2)
  2 dart slugs (D:1)
  2 endoplasms
  A giant cockroach (D:1)
  2 hobgoblins (D:1)
  A ball python (D:2)
  5 bats
  3 goblins
  4 kobolds
  5 rats (D:1)
27 creatures vanquished.

Notes
Turn   | Place    | Note
-------+----------+-------------------------------------------
     0 | D:1      | xian the Barachi Artificer began the quest for the Orb.
     0 | D:1      | Reached XP level 1. HP: 15/15 MP: 1/1
   550 | D:1      | Reached XP level 2. HP: 21/21 MP: 2/2
   561 | D:1      | Found a faded altar of an unknown god.
  1447 | D:1      | Found Seinim's Antique Armour Boutique.
  1637 | D:2      | Reached XP level 3. HP: 23/26 MP: 3/3
  1947 | D:2      | Noticed Natasha
  1952 | D:2      | Killed Natasha
  1953 | D:2      | Reached skill level 1 in Short Blades
  1953 | D:2      | Reached skill level 1 in Stealth
  1954 | D:2      | Reached XP level 4. HP: 29/33 MP: 4/4
  1969 | D:2      | Slain by a gnoll

Illustrated notes

Levels and vault maps discovered:
D:1:      dpeg_arrival_renting, layout_loops_corners,
          dreamdust_ecumenical_altar_angels_and_demons, serial_shops, shop,
          minmay_hexomino_c4
D:2:      layout_rooms, serial_shops, nicolae_shop_trees, uniq_natasha

Skill      XL: |  1  2  3 |
---------------+----------+-----
Short Blades   | 1 |  1.2
Armour         | 3 |  3.0
Stealth        | 1 |  1.0
Dodging        | 2 |  2.1
Fighting       | |  1.8
Maces & Flails | |  0.5
Evocations     | |  3.9

Action                   |  1- 3 |  4- 6 || total
-------------------------+-------+-------++-------
Melee: Club              |    15 |       ||    15
       Short sword       |    78 |    11 ||    89
       Punch             |     2 |       ||     2
Evoke: Wand              |     2 |     2 ||     4
 Stab: Sleeping          |     1 |       ||     1
Armor: Leather armour    |    57 |     2 ||    59
Dodge: Dodged            |    92 |     8 ||   100

Table legend: (Time is in decaauts)
 A = Elapsed time spent in this place.
 B = Non-inter-level travel time spent in this place.
 C = Inter-level travel time spent in this place.
 D = Time resting spent in this place.
 E = Time spent auto-exploring this place.
 F = Levels seen in this place.
 G = Mean time per level.
                   A        B        C        D        E       F      G
               +--------+--------+--------+--------+--------+-----+--------+
         Total |   2186 |   2160 |     26 |      0 |   1700 |   2 | 1093.0 |
       Dungeon |   2186 |   2160 |     26 |      0 |   1700 |   2 | 1093.0 |
               +--------+--------+--------+--------+--------+-----+--------+

Top non-repeatable levels by time:
     D:1: 1819 daAuts
     D:2: 367 daAuts
